 Dungeon Crawl Stone Soup version 0.29.0-7-g18a832c13a (webtiles) character file.

Game seed: 16111564904207406131

28 Alfie the Trooper (level 3, -2/33 HPs)
             Began as a Hill Orc Fighter on Aug 30, 2022.
             Slain by a gnoll
             ... wielding a +0 halberd
              (8 damage)
             ... on level 2 of the Dungeon.
             The game lasted 00:02:10 (1275 turns).

Alfie the Trooper (Hill Orc Fighter)                Turns: 1275, Time: 00:02:11

Health: -2/33      AC:  7    Str: 20    XL:     3   Next: 12%
Magic:  3/3        EV:  9    Int:  8    God:
Gold:   29         SH:  4    Dex: 10    Spells: 2/2 levels left

rFire   . . .      SeeInvis .   a - +0 rapier
rCold   . . .      Faith    .   c - +0 buckler
rNeg    . . .      Spirit   .   b - +0 scale mail
rPois   .          Reflect  .   (no helmet)
rElec   .          Harm     .   (no cloak)
rCorr   .          Rampage  .   (no gloves)
Will    .....                   (no boots)
Stlth   ..........              (no amulet)
HPRegen 0.11/turn               (no ring)
MPRegen 0.08/turn               (no ring)

@: no status effects
A: no striking features
a: no special abilities


You were on level 2 of the Dungeon.
You visited 1 branch of the dungeon, and saw 2 of its levels.

You collected 29 gold pieces.

Inventory:

Hand Weapons
 a - a +0 rapier (weapon)
Armour
 b - a +0 scale mail (worn)
 c - a +0 buckler (worn)
Scrolls
 e - a scroll of immolation {unknown}
 g - 2 scrolls of fear {unknown}
Potions
 d - a potion of might
 h - a potion of flight {unknown}


   Skills:
 + Level 3.9 Fighting
 + Level 2.2 Short Blades
 + Level 3.8 Armour
 + Level 0.3 Stealth
 + Level 3.6 Shields


You had 2 spell levels left.
You didn't know any spells.
Your spell library contained the following spells:

 Spells                   Type           Power      Damage    Failure   Level
 Call Canine Familiar     Summ           0%         N/A       99%         3
 Portal Projectile        Hex/Tloc       0%         N/A       99%         3
 Fulminant Prism          Conj/Hex       0%         3d6       100%        4
 Iskenderun's Mystic Bla  Conj/Tloc      0%         2d3       100%        4
 Leda's Liquefaction      Hex/Erth       0%         N/A       100%        4
 Lee's Rapid Deconstruct  Erth           0%         3d5*      100%        5


Dungeon Overview and Level Annotations

Branches:
Dungeon (2/15)

Altars:

Shops:
D:1 [


Message History

The gnoll barely misses you. You block the jackal's attack.
The gnoll hits you with a +0 halberd.
* * * LOW HITPOINT WARNING * * *
You hit the jackal but do no damage. The jackal barely misses you.
The gnoll closely misses you.
You barely miss the jackal. The jackal closely misses you.
The jackal bites you but does no damage.
The gnoll hits you but does no damage.
You completely miss the jackal.
The jackal bites you but does no damage.
The gnoll hits you but does no damage. The jackal barely misses you.
You closely miss the jackal.
The jackal bites you but does no damage.
The gnoll closely misses you.
It was a potion of heal wounds.
You feel much better. You block the jackal's attack.
The gnoll hits you with a +0 halberd!
The jackal bites you but does no damage.
You hit the jackal.
The jackal is heavily wounded.
The gnoll hits you with a +0 halberd.
The jackal bites you but does no damage.
You hit the jackal.
You kill the jackal!
The gnoll hits you with a +0 halberd.
The jackal bites you but does no damage.
The gnoll misses you.
You closely miss the jackal. You block the jackal's attack.
The gnoll hits you with a +0 halberd.
* * * LOW HITPOINT WARNING * * *
The jackal bites you but does no damage.
You hit the jackal.
The jackal is almost dead.
The jackal closely misses you. The gnoll hits you but does no damage.
You puncture the jackal!
You kill the jackal!
A dart slug comes into view.
You block the gnoll's attack. The jackal barely misses you.
You barely miss the jackal. The jackal barely misses you.
The gnoll hits you with a +0 halberd!
You die...

### ..# .
#g# ..
#g# ...
#@# ....
#h# .....
#.#
......#.#
.......<#
........#
...##...w
.. #..##.
#.. ..


You could see 2 gnolls, a dart slug and a jackal.

Vanquished Creatures
  2 dart slugs (D:1)
  5 ball pythons (D:1)
  A bat (D:1)
  2 endoplasms (D:1)
  A hobgoblin (D:1)
  2 jackals (D:2)
  2 kobolds
  2 frilled lizards (D:1)
  A goblin (D:1)
  4 rats (D:1)
22 creatures vanquished.

Notes
Turn   | Place    | Note
-------+----------+-------------------------------------------
     0 | D:1      | Alfie the Hill Orc Fighter began the quest for the Orb.
     0 | D:1      | Reached XP level 1. HP: 19/19 MP: 1/1
   275 | D:1      | Reached XP level 2. HP: 25/27 MP: 2/2
   461 | D:1      | Found a faded altar of an unknown god.
   962 | D:1      | Found Ynginystra's Armour Shoppe.
  1020 | D:1      | Reached XP level 3. HP: 33/33 MP: 3/3
  1275 | D:2      | Slain by a gnoll

Illustrated notes

Levels and vault maps discovered:
D:1:      dpeg_arrival_tiny_i, layout_loops_corners, serial_shops, shop,
          hellmonk_ecumenical_altar_leap_of_faith, minmay_liquid_box,
          chequers_garden
D:2:      layout_basic

Action                   || total
-------------------------++-------
Melee: Rapier            ||    65
  Use: Potion            ||     1
Armor: Scale mail        ||    31
Dodge: Dodged            ||    29
Block: Buckler           ||    13
